 Dungeon Crawl Stone Soup version 0.24.1-14-gf8d2b509d9 (webtiles) character file.

Game seed: 868353603471214116, levelgen mode: deterministic

5014 mortelune the Martial Artist (level 10, -7/85 HPs)
             Began as an Octopode Transmuter on May 19, 2020.
             Was a Priest of Cheibriados.
             Mangled by a five-headed hydra (11 damage)
             ... on level 1 of the Lair of Beasts.
             The game lasted 00:31:43 (15083 turns).

mortelune the Martial Artist (Octopode Transmuter) Turns: 15083, Time: 00:31:44

Health: -7/85      AC:  7    Str: 17    XL:     10   Next: 54%
Magic:  10/14      EV: 16    Int: 30    God:    Cheibriados [***...]
Gold:   365        SH:  0    Dex: 28    Spells: 5/15 levels left

rFire    + . .     SeeInvis +     - Unarmed
rCold    + + .     Gourm    .   (shield currently unavailable)
rNeg     . . .     Faith    .   (helmet currently unavailable)
rPois    +         Spirit   .   (no amulet)
rElec    .         Reflect  .   a - +6 ring of dexterity
rCorr    .         Harm     .   P - ring of poison resistance
MR       .....                  F - ring of protection from fire
Stlth    ++........             m - +2 ring of dexterity
HPRegen  0.24/turn              l - +2 ring of intelligence
MPRegen  0.14/turn              S - ring of see invisible
                                C - ring of fire
                                (no ring)

@: ice-form, very slow
A: large, almost no armour, stealthy swim, amphibious, 8 rings, (constrict 8)
a: End Transformation, Bend Time, Temporal Distortion, Renounce Religion


You were on level 1 of the Lair of Beasts.
You worshipped Cheibriados.
Cheibriados was most pleased with you.
You were hungry.
You were a creature of crystalline ice.
You visited 3 branches of the dungeon, and saw 11 of its levels.
You also visited: Sewer.

You collected 530 gold pieces.
You spent 165 gold pieces at shops.

Inventory:

Hand Weapons
 b - a +3 hunting sling
Missiles
 o - 35 arrows
 Q - 128 stones (quivered)
Jewellery
 a - a +6 ring of dexterity (left front paw)
 l - a +2 ring of intelligence (on tentacle)
 m - a +2 ring of dexterity (on tentacle)
 C - a ring of fire (on tentacle)
 F - a ring of protection from fire (on tentacle)
 P - a ring of poison resistance (right front paw)
 S - a ring of see invisible (on tentacle)
Wands
 u - a wand of paralysis (13)
 v - a wand of polymorph (8)
 w - a wand of random effects (33)
 D - a wand of digging (4)
Scrolls
 e - a scroll of fear
 f - a scroll of fog
 g - 2 scrolls of remove curse
 i - a scroll of identify
 k - a scroll of holy word {unknown}
 q - a scroll of noise
 z - 3 scrolls of immolation
Potions
 d - a potion of haste
 h - 2 potions of curing
 j - a potion of lignification {unknown}
 n - 2 potions of invisibility {unknown}
 p - a potion of berserk rage
 r - a potion of cancellation {unknown}
 s - 2 potions of degeneration {unknown}
 x - a potion of resistance
 y - 2 potions of agility {unknown}
Comestibles
 c - 10 rations


   Skills:
 + Level 7.3 Fighting
 + Level 6.9 Dodging
 + Level 8.8 Unarmed Combat
 - Level 3.1 Spellcasting
 - Level 8.2 Transmutations
 * Level 0.0 Invocations


You had 5 spell levels left.
You knew the following spells:

 Your Spells              Type           Power        Failure   Level  Hunger
a - Beastly Appendage     Tmut           ######       1%          1    None
b - Sticks to Snakes      Tmut           ######..     1%          2    #......
c - Spider Form           Tmut/Pois      ####......   4%          3    ##.....
d - Ice Form              Ice/Tmut       ####....     13%         4    ####...

Your spell library contained the following spells:

 Spells                   Type           Power        Failure   Level  Hunger
 Magic Dart               Conj           #...         7%          1    None
 Blade Hands              Tmut           ######....   7%          5    ######.
 Poisonous Vapours        Pois/Air       #.....       11%         2    #......
 Searing Ray              Conj           #.....       11%         2    #......
 Conjure Flame            Conj/Fire      #.......     22%         3    ##.....
 Dazzling Spray           Conj/Hex       #.....       22%         3    ##.....
 Mephitic Cloud           Conj/Pois/Air  #.......     22%         3    ##.....
 Force Lance              Conj/Tloc      #.......     56%         4    ####...
 Fulminant Prism          Conj/Hex       #.........   56%         4    ####...
 Iskenderun's Mystic Bla  Conj           #.......     56%         4    ####...
 Freezing Cloud           Conj/Ice/Air   #.........   100%        6    #######
 Ring of Flames           Chrm/Fire      #.........   100%        7    #######


Dungeon Overview and Level Annotations

Branches:
Dungeon (9/15)             Temple (1/1) D:5            Lair (1/6) D:8
    Orc (0/2) D:9           Sewer (visited)

Altars:
Ashenzari
Cheibriados
Dithmenos
Elyvilon
Fedhas
Gozag
Hepliaklqana
Kikubaaqudgha
Makhleb
Nemelex Xobeh
Okawaru
Qazlal
Ru
Sif Muna
Trog
Uskayaw
Vehumet
Wu Jian
Xom
Yredelemnul
Zin
The Shining One

Shops:
D:7 =   D:9 (

Annotations:
D:2 1 runed translucent door, Crazy Yiuf
D:4 2 transporters, 15bullets's ghost, amateur TrMo


Innate Abilities, Weirdness & Mutations

You cannot wear most types of armour.
You are very stealthy in the water. (Stealth+)
You are amphibious.
You can wear up to eight rings at the same time.
((You can use your tentacles to constrict eight enemies at once.))
((Your skin changes colour to match your surroundings (Stealth+).))
((Your rubbery body absorbs attacks. (AC +1, EV +1)))


Message History

The five-headed hydra seems to slow down.
You freeze the five-headed hydra!
The five-headed hydra is heavily wounded.
You pummel the five-headed hydra!!
The five-headed hydra seems to slow down.
You freeze the five-headed hydra.
The five-headed hydra is severely wounded.
The five-headed hydra bites you!
The five-headed hydra bites you but does no damage.
The five-headed hydra completely misses you.
The five-headed hydra misses you. The five-headed hydra bites you!
* * * LOW HITPOINT WARNING * * *
You punch the five-headed hydra! You freeze the five-headed hydra.
The five-headed hydra is almost dead.
The five-headed hydra bites you!
* * * LOW HITPOINT WARNING * * *
The five-headed hydra closely misses you.
The five-headed hydra bites you but does no damage.
The five-headed hydra bites you!
You die...

#..##.......%...#,,,,,,
*#.##.......#....,,,,,,
#...##.......##.,,,,,,
#<.##...........,,,,,,
####..##.......#*,,,,,
**#**,*#............,,,,,,
*,..,,##.#..#....%..,,,,,,
**....#.............,,,,,,
*#P.....Y..........,,,,,,
**###...#D...#......,,,,,,
*,,*#..P#...#.......,,,,,,
**,,#...r.###......P,,,,,,
**#.....§☼...#....#,,,,,,
#...###○○....####*,,,,,,
##.,**#☼§....#****,,,,,,
*#.,,,*##○§...#*∩**,,,,,,
*.,*,****.....#,,,*,,,,,,


You could see a five-headed hydra and a porcupine (confused).

Vanquished Creatures
  A two-headed ogre (D:9)
  Psyche (D:8)
  2 trolls (D:9)
  A hippogriff (D:9)
  2 ice beasts
  A sky beast (D:7)
  3 orc warriors
  2 phantoms
  Purgy (Sewer)
  5 ogres
  A big kobold (D:7)
  Blork the orc (D:5)
  4 bullfrogs
  A gnoll sergeant (D:8)
  2 scorpions
  3 wights (D:8)
  4 howler monkeys
  4 crimson imps
  7 hounds
  A quasit (D:9)
  3 jellies
  7 orc wizards
  2 bullfrog skeletons
  4 orc priests
  An iguana (D:9)
  Terence (D:2)
  5 worker ants
  2 hound skeletons
  10 gnolls
  8 adders
  2 shadow imps (D:9)
  2 oozes
  An adder zombie (D:9)
  2 adder skeletons
  3 worms
  4 dart slugs
  8 leopard geckos
  36 orcs
  4 ball pythons
  14 bats
  8 giant cockroaches
  12 goblins
  7 hobgoblins
  9 jackals
  3 quokkas
  4 frilled lizards
  3 hobgoblin zombies (D:9)
  7 kobolds
  A kobold skeleton (D:9)
  A kobold zombie (D:9)
  A leopard gecko zombie (D:7)
  2 orc skeletons (D:9)
  An orc zombie (D:9)
  6 rats
231 creatures vanquished.

Vanquished Creatures (collateral kills)
  An orc wizard (D:4)
1 creature vanquished.

Vanquished Creatures (others)
  Maurice (D:8)
1 creature vanquished.

Grand Total: 233 creatures vanquished

Notes
Turn   | Place    | Note
-------+----------+-------------------------------------------
     0 | D:1      | mortelune the Octopode Transmuter began the quest for the
                  | Orb.
     0 | D:1      | Reached XP level 1. HP: 13/13 MP: 3/3
   569 | D:1      | Reached XP level 2. HP: 18/18 MP: 5/5
  1545 | D:2      | Found a runed translucent door.
  1546 | D:2      | Noticed Crazy Yiuf
  1776 | D:2      | Reached XP level 3. HP: 22/23 MP: 4/6
  1785 | D:2      | Learned a level 2 spell: Sticks to Snakes
  1789 | D:2      | Learned a level 3 spell: Spider Form
  2261 | D:2      | Noticed Terence
  2273 | D:2      | Killed Terence
  2273 | D:2      | Reached XP level 4. HP: 14/29 MP: 4/7
  3788 | D:3      | Reached XP level 5. HP: 35/35 MP: 9/9
  4283 | D:3      | Found an opulent altar of Gozag.
  5020 | D:4      | Found a basalt altar of Yredelemnul.
  5340 | D:4      | Noticed a sky beast
  5940 | D:4      | Found an ornate altar of the Wu Jian Council.
  6000 | D:4      | Reached XP level 6. HP: 33/42 MP: 3/10
  6106 | D:4      | Learned a level 4 spell: Ice Form
  6796 | D:4      | Found a transporter.
  6796 | D:4      | Noticed 15bullets's ghost (amateur TrMo)
  6797 | D:4      | Found a transporter.
  6797 | D:4      | Identified the +4 great mace "Vyneghak" {crush, rElec
                  | Str+6}
  7429 | D:5      | Entered Level 5 of the Dungeon
  7506 | D:5      | Found a shattered altar of Ashenzari.
  7574 | D:5      | Found a staircase to the Ecumenical Temple.
  7651 | D:5      | Found a glowing drain.
  7682 | Sewer    | Entered a sewer
  7811 | Sewer    | Noticed Purgy
  7830 | Sewer    | Killed Purgy
  7830 | Sewer    | Reached XP level 7. HP: 32/46 MP: 2/11
  8626 | D:5      | Noticed Blork the orc
  8674 | D:5      | Killed Blork the orc
  9127 | Temple   | Entered the Ecumenical Temple
  9242 | Temple   | Became a worshipper of Cheibriados the Contemplative
  9327 | D:6      | Found a burning altar of Makhleb.
  9386 | D:6      | Reached skill level 5 in Unarmed Combat
  9481 | D:6      | Reached XP level 8. HP: 54/54 MP: 8/12
 10248 | D:7      | Reached skill level 5 in Fighting
 10336 | D:7      | Reached * piety under Cheibriados
 10570 | D:7      | Found Hitimeohe's Jewellery Boutique.
 10579 | D:7      | Noticed a two-headed ogre
 10581 | D:7      | Bought an uncursed ring of see invisible for 165 gold
                  | pieces
 11071 | D:8      | Noticed Maurice
 11082 | D:8      | Killed Maurice
 11334 | D:8      | Reached skill level 5 in Dodging
 11334 | D:8      | Reached XP level 9. HP: 54/61 MP: 10/13
 11615 | D:9      | Found a glowing golden altar of the Shining One.
 11624 | D:9      | Reached skill level 5 in Transmutations
 11767 | D:9      | Noticed a two-headed ogre
 11787 | D:9      | Killed a two-headed ogre
 11978 | D:9      | Reached ** piety under Cheibriados
 12229 | D:9      | Found a staircase to the Orcish Mines.
 12234 | D:9      | Noticed a troll
 12248 | D:9      | Killed a troll
 12248 | D:9      | Reached XP level 10. HP: 44/69 MP: 11/14
 12435 | D:9      | Found a shimmering altar of Xom.
 12436 | D:9      | Found an iron altar of Okawaru.
 12694 | D:9      | Found Geihum's Weapon Shoppe.
 13016 | D:9      | Reached *** piety under Cheibriados
 13529 | D:9      | Noticed a green ugly thing
 14083 | D:8      | Found a staircase to the Lair.
 14215 | D:8      | Noticed Psyche
 14226 | D:8      | Killed Psyche
 15054 | Lair:1   | Entered Level 1 of the Lair of Beasts
 15072 | Lair:1   | Noticed a five-headed hydra
 15083 | Lair:1   | HP: 4/85 [five-headed hydra (15)]
 15083 | Lair:1   | Mangled by a five-headed hydra

Levels and vault maps discovered:
D:1:      mainiacjoe_arrival_reflecting_pool, layout_basic, minmay_tripent
D:2:      layout_basic, uniq_terence, uniq_crazy_yiuf_cottage
D:3:      kennysheep_the_goblin_king, layout_loops_ring,
          nicolae_gozag_cash_rules_everything_around_me,
          chequers_serial_rivers_room_a
D:4:      layout_basic, yredelemnul_altar_generic, overflow_temple_1_default,
          gammafunk_ghost_smash
D:5:      layout_rooms, nicolae_ashenzari_panopticon, temple_pool_b,
          first_ration, gup_sewer_entry_pipe, kennysheep_pointless_box,
          chequers_serial_rivers_small_b, hex_medium, uniq_blork_the_orc
D:6:      layout_loops_cross, bloody_makhleb
D:7:      layout_loops_ring, serial_shops, nicolae_shop_trees
D:8:      layout_rooms, lair_entry_dummy, grunt_pizzeria, st_stairs_14,
          uniq_psyche, uniq_maurice
D:9:      layout_long_grid, nicolae_tso_besieged_by_evil,
          gammafunk_temple_overflow_statue, david_orc_2, serial_shops,
          nicolae_shop_statue_plus, minivault_14
Temple:   eino_temple_water
Lair:1:   layout_cave_shapes, enter_volcano_2, gauntlet_entry_generic

Skill      XL: |  1  2  3  4  5  6  7  8  9 10 |
---------------+-------------------------------+-----
Transmutations | 3 4 7 8 |  8.2
Fighting       | 2 3 4 5 6 7 |  7.3
Spellcasting   | 3 |  3.1
Unarmed Combat | 4 5 7 8 |  8.8
Dodging        | 3 5 6 |  6.9

Action                   |  1- 3 |  4- 6 |  7- 9 | 10-12 || total
-------------------------+-------+-------+-------+-------++-------
Melee: Unarmed           |    60 |   171 |   214 |    67 ||   512
       Constrict         |    19 |    25 |     6 |     4 ||    54
       Tentacles         |    11 |    26 |     6 |     5 ||    48
       Kick              |     5 |    17 |     1 |     3 ||    26
       Punch             |     1 |     2 |     2 |     3 ||     8
 Fire: Hunting sling     |       |    37 |   163 |    74 ||   274
Throw: Boomerang         |     4 |    14 |       |       ||    18
       Stone             |       |    13 |       |       ||    13
 Cast: Beastly Appendage |     2 |     9 |     3 |     1 ||    15
       Spider Form       |     1 |    15 |    24 |     6 ||    46
       Sticks to Snakes  |       |     5 |    13 |       ||    18
       Ice Form          |       |       |       |     6 ||     6
Invok: Bend Time         |       |       |     1 |       ||     1
 Abil: End Transformatio |       |     1 |       |       ||     1
Evoke: Wand              |       |       |       |     3 ||     3
  Use: Scroll            |     2 |     9 |     3 |     4 ||    18
       Potion            |       |       |     6 |       ||     6
 Stab: Sleeping          |     7 |     7 |       |     1 ||    15
  Eat: Chunk             |     4 |    16 |    14 |     5 ||    39
       Ration            |       |     1 |       |       ||     1
Armor: Skin              |     6 |    13 |     6 |     8 ||    33
Dodge: Dodged            |    29 |   139 |   224 |    89 ||   481
